 Dungeon Crawl Stone Soup version 0.31.0-9-g3a7656b989 (webtiles) character file.

Game seed: 2334281083887459165

32809 EnegeticOcto the Brawler (level 13, 120/131 HPs)
             Began as a Troll Fighter on Jan 31, 2024.
             Was the Champion of Nemelex Xobeh.
             Quit the game on level 12 of the Dungeon.
             The game lasted 00:11:48 (14388 turns).

EnegeticOcto the Brawler (Troll Fighter)           Turns: 14388, Time: 00:11:49

Health: 120/131    AC: 16    Str: 31    XL:     13   Next: 33%
Magic:  16/16      EV: 14    Int:  4    God:    Nemelex Xobeh [******]
Gold:   1072       SH: 10    Dex:  9    Spells: 12/12 levels left

rFire   . .          .
                       - Unarmed
rCold   . . .        b - +0 kite shield
rNeg    . . .        u - +4 steam dragon scales
rPois   .            (helmet restricted)
rElec   .            (no cloak)
rCorr   .            (gloves unavailable)
SInv    .            (boots unavailable)
Will    .....        a - amulet of faith
Stlth   +            Q - +5 ring of evasion
HPRegen 1.21/turn    F - +4 ring of protection
MPRegen 0.15/turn

%: faith
@: no status effects
A: large, unfitting armour, claws 3, regeneration 1, shaggy fur 1, tough skin 1
a: Renounce Religion, Draw Escape, Draw Destruction, Draw Summoning, Triple
Draw, Deal Four, Stack Five


You were on level 12 of the Dungeon.
You worshipped Nemelex Xobeh.
Nemelex Xobeh was exalted by your worship.
You visited 2 branches of the dungeon, and saw 17 of its levels.

You collected 1410 gold pieces.
You spent 338 gold pieces at shops.

Inventory:

Missiles
 E - a throwing net (quivered) {!f}
 H - 9 curare-tipped darts
Armour
 b - a +0 kite shield (worn)
 u - +4 steam dragon scales (worn)
   (You found it on level 6 of the Dungeon)
Jewellery
 a - an amulet of faith (around neck)
   (You found it on level 6 of the Dungeon)
 d - a ring of willpower
   (You found it on level 1 of the Dungeon)
 p - a ring of magical power
   (You found it on level 5 of the Dungeon)
 x - an amulet of magic regeneration
   (You found it on level 7 of the Dungeon)
 C - a ring of ice
   (You found it on level 8 of the Dungeon)
 F - a +4 ring of protection (right claw)
   (You found it on level 8 of the Dungeon)
 K - a ring of wizardry
   (You found it on level 10 of the Dungeon)
 P - a ring of fire
   (You found it on level 3 of the Lair of Beasts)
 Q - a +5 ring of evasion (left claw)
   (You found it on level 4 of the Lair of Beasts)
Wands
 j - a wand of charming (19)
   (You took it off Ijyb on level 3 of the Dungeon)
 k - a wand of flame (32) {@v4}
   (You found it on level 6 of the Dungeon)
 B - a wand of iceblast (15) {@v2}
   (You found it on level 7 of the Dungeon)
 R - a wand of digging (3) {@v3}
   (You found it on level 4 of the Lair of Beasts)
Scrolls
 e - 9 scrolls of teleportation {@r3 !r}
 g - 3 scrolls of fear {!r}
 h - a scroll of immolation
 l - 3 scrolls of noise
 m - a scroll of torment
 n - a scroll of vulnerability
 o - a scroll of summoning {!r}
 s - 2 scrolls of fog {!r}
 w - 3 scrolls of enchant weapon
 y - a scroll of amnesia
 I - 3 scrolls of identify {@r1}
 J - a scroll of silence {!r}
 M - 2 scrolls of poison {!r}
 N - 2 scrolls of blinking {unknown}
 O - a scroll of revelation {unknown}
Potions
 c - 3 potions of might {@q3 !q}
 f - 2 potions of heal wounds {@q2 !q}
 i - 2 potions of brilliance {unknown}
 q - 4 potions of berserk rage
 r - 9 potions of curing {@q1 !q}
 t - 2 potions of attraction
 v - 3 potions of haste {@q4 !q}
 z - 2 potions of resistance {unknown}
 A - 5 potions of cancellation {unknown}
 D - 4 potions of lignification {unknown}
 G - 3 potions of enlightenment {unknown}
 S - 2 potions of invisibility {unknown}
Miscellaneous
 L - a phantom mirror
   (You found it on level 1 of the Lair of Beasts)


   Skills:
 + Level 9.4 Fighting
 + Level 5.5 Armour
 - Level 2.4 Dodging
 + Level 10.1 Shields
 * Level 15.0 Unarmed Combat
 + Level 5.9 Invocations


You had 12 spell levels left.
You didn't know any spells.
Your spell library contained the following spells:

 Spells                   Type           Power      Damage    Failure   Level
 Ensorcelled Hibernation  Hex/Ice        0%         N/A       80%         2
 Static Discharge         Conj/Air       0%         3-3/arc   80%         2
 Frozen Ramparts          Ice            0%         1d1       95%         3
 Gell's Gravitas          Tloc           0%         N/A       95%         3
 Passwall                 Erth           0%         N/A       95%         3
 Swiftness                Air            0%         N/A       95%         3
 Teleport Other           Tloc           0%         N/A       95%         3
 Airstrike                Air            0%         2d(0-16)  100%        4
 Cause Fear               Hex            0%         N/A       100%        4
 Leda's Liquefaction      Alch/Erth      0%         N/A       100%        4
 Petrify                  Alch/Erth      0%         N/A       100%        4
 Summon Lightning Spire   Summ/Air       0%         N/A       100%        4
 Fireball                 Conj/Fire      0%         3d3       100%        5
 Iskenderun's Battlesphe  Conj           0%         2d6       100%        5
 Metabolic Englaciation   Hex/Ice        0%         N/A       100%        5
 Bombard                  Conj/Erth      0%         9d1       100%        6
 Dispersal                Tloc           0%         N/A       100%        6
 Spellforged Servitor     Conj/Summ      0%         N/A       100%        7
 Dragon's Call            Summ           0%         N/A       100%        9


Dungeon Overview and Level Annotations

Branches:
Dungeon (12/15) Zot: 26679  Temple (0/1) D:7            Lair (5/5) D:10 Zot: 25107
  Swamp (0/4) Lair:3        Snake (0/4) Lair:2        Slime (0/5) Lair:4
    Orc (0/2) D:12

Altars:
Ashenzari
Dithmenos
Elyvilon
Gozag
Nemelex Xobeh
Wu Jian
Xom
Zin
Jiyva

Shops:
D:6 !   D:9 [   D:12 *

Portals:
Trove: D:12 (give 18 potions of curing)
Ice
Cave: D:11

Annotations:
D:12 1 runed translucent door, Pascal76's ghost, journeyman MiFi
Lair:4 1 runed translucent door
Lair:5 1 exclusion


Innate Abilities, Weirdness & Mutations

You are too large for most types of armour.
You have claws for hands.
Your natural rate of healing is unusually fast.
You are covered in fur. (AC +1)
You have tough skin. (AC +1)


Message History

The boulder beetle closely misses you.
You scratch the boulder beetle.
The boulder beetle is moderately wounded.
You mangle the boulder beetle!!
The boulder beetle is severely wounded.
The boulder beetle closely misses you.
You scratch the boulder beetle but do no damage.
The boulder beetle is severely wounded.
You block the boulder beetle's attack.
You scratch the boulder beetle but do no damage.
The boulder beetle is severely wounded.
You block the two-headed ogre's attack. x2
The boulder beetle bites you but does no damage.
You scratch the boulder beetle but do no damage.
The boulder beetle is severely wounded.
The boulder beetle bites you!
The two-headed ogre hits you with a +0 giant club. x2
You scratch the boulder beetle.
The boulder beetle is severely wounded.
You mangle the boulder beetle!!
The boulder beetle is almost dead.
The boulder beetle leaps!
The two-headed ogre hits you with a +0 giant club!
You block the two-headed ogre's attack.
You mangle the two-headed ogre!!
The two-headed ogre is heavily wounded.
The boulder beetle curls into a ball and begins rolling!
You mangle the two-headed ogre!!
You kill the two-headed ogre!
A boulder beetle is nearby!
You block the boulder beetle's attack.
The boulder beetle stops rolling and uncurls.
You scratch the boulder beetle but do no damage.
The boulder beetle is almost dead.
The boulder beetle closely misses you.
You scratch the boulder beetle.
The boulder beetle is almost dead.
The boulder beetle bites you!
You barely miss the boulder beetle.
The boulder beetle is almost dead.
The boulder beetle waves its antennae.
The boulder beetle completely misses you.
You claw the boulder beetle!
You kill the boulder beetle!
Your Unarmed Combat skill increases to level 15!
No target in view!
No target in view!
No target in view!
Okay, then.
HP restored.
A gargoyle comes into view. It is wielding a +0 dire flail.
A gargoyle is nearby!
A gargoyle is nearby!
A gargoyle is nearby!
You claw the gargoyle!
The gargoyle is moderately damaged.
You claw the gargoyle!
The gargoyle is severely damaged.
The gargoyle hits you with a +0 dire flail!
You mangle the gargoyle!!
You destroy the gargoyle!
No target in view!
No target in view!
No target in view!
No target in view!
No target in view!
You see here a +0 dire flail.
There is an open door here.
You open the door.
There is an open door here.
You open the door.
There is an open door here.
You open the door.
There is an open door here.
A - 5 emerald potions (gained 1)
You open the door.
There is an open door here.
You open the door.
A deep elf pyromancer comes into view. It is wielding a +0 rapier.
The deep elf pyromancer shouts!
A deep elf pyromancer is nearby!
A deep elf pyromancer is nearby!
There is an open door here.
The deep elf pyromancer barely misses you.
You mangle the deep elf pyromancer!!
The deep elf pyromancer is almost dead.
The deep elf pyromancer gestures at you while chanting.
The bolt of fire hits you!
You scratch the deep elf pyromancer.
You kill the deep elf pyromancer!
No target in view!
No target in view!
No target in view!
No target in view!
No target in view!
No target in view!
No target in view!
Things that are here:
a +0 rapier; a +0 leather armour Are you sure you want to abandon this character and quit the game? (Confirm with "yes".)

.
##........#
#######'##
#.# #.# #.#
###'##
#....#
#..).#
#..@.#
+....#
#....#
##+###


There were no monsters in sight!

Vanquished Creatures
  A catoblepas (D:8)
  3 two-headed ogres
  An alligator (Lair:4)
  2 boulder beetles
  A skyshark (Lair:5)
  Pikel (D:6)
  A deep elf pyromancer (D:12)
  2 cyclopes
  A manticore (D:7)
  2 elephants (Lair:1)
  4 black mambas
  8 cane toads
  A torpor snail (Lair:3)
  2 gargoyles
  Jeremiah (D:6)
  A kobold demonologist (D:11)
  Maggie (D:6)
  5 komodo dragons
  2 ice devils (D:11)
  2 polar bears
  Grinder (D:4)
  A troll (D:10)
  3 tyrant leeches (Lair:3)
  3 hornets
  9 blink frogs
  A wraith (D:11)
  8 wyverns
  25 yaks
  2 basilisks
  3 hogs (Lair:4)
  3 steam dragons
  A vampire mosquito (D:10)
  2 swamp worms (Lair:3)
  4 nagas (Lair:2)
  7 water moccasins
  Edmund (D:6)
  4 hell hounds (Lair:5)
  3 sky beasts
  5 orc warriors
  2 ice beasts
  3 black bears
  An ogre (D:11)
  3 wolves (Lair:1)
  A phantom (D:6)
  3 kobold brigands
  13 bullfrogs
  4 gnoll sergeants
  A scorpion (D:7)
  5 wights (D:8)
  2 electric eels
  7 howler monkeys
  6 hounds
  A bombardier beetle (D:11)
  2 jellies
  5 orc priests
  2 gnoll boudas
  3 iguanas
  2 sleepcaps
  Jessica (D:2)
  Ijyb (D:3)
  11 orc wizards
  13 hell rats
  5 adders
  3 river rats (D:11)
  30 gnolls
  4 white imps
  4 ufetubi
  2 dart slugs (D:3)
  52 orcs
  2 ball pythons
  An endoplasm (D:4)
  3 giant cockroaches
  3 goblins
  5 hobgoblins
  4 quokkas
  6 bats
  3 frilled lizards
  13 kobolds
  A rat (D:1)
361 creatures vanquished.

Vanquished Creatures (collateral kills)
  Amaemon (D:9)
  A skyshark (Lair:4)
  An elephant (Lair:1)
  An orange demon (D:9)
4 creatures vanquished.

Vanquished Creatures (others)
  A hornet (Lair:1)
  A centaur simulacrum (D:10)
2 creatures vanquished.

Grand Total: 367 creatures vanquished

Notes
Turn   | Place    | Note
-------+----------+-------------------------------------------
     0 | D:1      | EnegeticOcto the Troll Fighter began the quest for the Orb.
     0 | D:1      | Reached XP level 1. HP: 22/22 MP: 0/0
   406 | D:1      | Reached XP level 2. HP: 29/29 MP: 1/1
   864 | D:2      | Noticed Jessica
   869 | D:2      | Killed Jessica
   870 | D:2      | Reached skill level 3 in Shields
   870 | D:2      | Reached skill level 3 in Unarmed Combat
   870 | D:2      | Reached XP level 3. HP: 34/36 MP: 2/2
  1446 | D:3      | Noticed Ijyb
  1465 | D:3      | Killed Ijyb
  1466 | D:3      | Reached skill level 3 in Fighting
  1466 | D:3      | Reached XP level 4. HP: 41/45 MP: 3/3
  1490 | D:3      | Identified the +0 spear of Jocular Honour {heavy, Str+3
                  | Dex-2 Stlth+}
  1858 | D:3      | Reached XP level 5. HP: 47/53 MP: 4/4
  1884 | D:3      | Reached skill level 4 in Unarmed Combat
  2440 | D:4      | Noticed Grinder
  2461 | D:4      | Killed Grinder
  2462 | D:4      | Reached skill level 4 in Shields
  2462 | D:4      | Reached skill level 5 in Unarmed Combat
  2462 | D:4      | Reached XP level 6. HP: 25/62 MP: 5/5
  2579 | D:4      | Reached XP level 7. HP: 67/68 MP: 6/6
  2780 | D:5      | Entered Level 5 of the Dungeon
  2833 | D:5      | Reached skill level 4 in Fighting
  3229 | D:5      | Reached skill level 6 in Unarmed Combat
  3760 | D:6      | Noticed Edmund
  3769 | D:6      | Killed Edmund
  3803 | D:6      | Reached XP level 8. HP: 77/79 MP: 7/7
  3858 | D:6      | Reached skill level 5 in Shields
  3866 | D:6      | Reached skill level 7 in Unarmed Combat
  4111 | D:6      | Noticed Maggie
  4119 | D:6      | Killed Maggie
  4120 | D:6      | Reached skill level 5 in Fighting
  4120 | D:6      | Reached skill level 8 in Unarmed Combat
  4234 | D:6      | Found Tutrie's Distillery.
  4242 | D:6      | Bought a potion of haste for 130 gold pieces
  4242 | D:6      | Bought a potion of curing for 39 gold pieces
  4242 | D:6      | Bought a potion of heal wounds for 65 gold pieces
  4242 | D:6      | Bought a potion of berserk rage for 65 gold pieces
  4242 | D:6      | Bought a potion of attraction for 39 gold pieces
  4300 | D:6      | Noticed Pikel
  4303 | D:6      | Noticed Jeremiah
  4323 | D:6      | Killed Pikel
  4324 | D:6      | Reached skill level 6 in Shields
  4324 | D:6      | Reached XP level 9. HP: 50/88 MP: 8/8
  4374 | D:6      | Killed Jeremiah
  4375 | D:6      | Reached skill level 9 in Unarmed Combat
  4746 | D:7      | Reached skill level 6 in Fighting
  4747 | D:7      | Found a sparkling altar of Nemelex Xobeh.
  4785 | D:7      | Became a worshipper of Nemelex Xobeh the Trickster
  4796 | D:7      | Noticed a manticore
  4806 | D:7      | Killed a manticore
  4810 | D:7      | Reached skill level 10 in Unarmed Combat
  4974 | D:7      | Reached skill level 7 in Shields
  5458 | D:7      | Found a staircase to the Ecumenical Temple.
  5678 | D:8      | Reached XP level 10. HP: 100/100 MP: 9/9
  5912 | D:8      | Noticed a catoblepas
  5913 | D:8      | Reached * piety under Nemelex Xobeh
  6079 | D:8      | Received a gift from Nemelex Xobeh
  6271 | D:8      | Killed a catoblepas
  6272 | D:8      | Reached skill level 7 in Fighting
  6272 | D:8      | Reached skill level 11 in Unarmed Combat
  6629 | D:9      | Found a white marble altar of Elyvilon.
  6648 | D:9      | Found an ornate altar of the Wu Jian Council.
  6736 | D:9      | Found Soqec's Armour Shop.
  6736 | D:9      | Noticed Amaemon
  6737 | D:9      | Noticed an orange demon
  6759 | D:9      | Killed an orange demon
  6774 | D:9      | Killed Amaemon
  6775 | D:9      | Reached skill level 8 in Shields
  6953 | D:9      | Noticed a two-headed ogre
  6960 | D:9      | Killed a two-headed ogre
  6961 | D:9      | Reached skill level 12 in Unarmed Combat
  7015 | D:9      | Reached skill level 1 in Invocations
  7109 | D:9      | Reached XP level 11. HP: 109/109 MP: 10/10
  7295 | D:9      | Received a gift from Nemelex Xobeh
  7477 | D:10     | Entered Level 10 of the Dungeon
  7477 | D:10     | Reached ** piety under Nemelex Xobeh
  7536 | D:10     | Reached skill level 1 in Armour
  7720 | D:10     | Found a glowing silver altar of Zin.
  7720 | D:10     | Found a shadowy altar of Dithmenos.
  7963 | D:10     | Reached skill level 2 in Invocations
  8025 | D:10     | Received a gift from Nemelex Xobeh
  8033 | D:10     | Found a staircase to the Lair.
  8280 | Lair:1   | Entered Level 1 of the Lair of Beasts
  8314 | Lair:1   | Reached skill level 2 in Armour
  8444 | Lair:1   | Reached skill level 8 in Fighting
  8648 | Lair:1   | Reached *** piety under Nemelex Xobeh
  8928 | Lair:1   | Reached skill level 3 in Invocations
  9014 | Lair:1   | Received a gift from Nemelex Xobeh
  9091 | Lair:1   | Received a gift from Nemelex Xobeh
  9096 | Lair:1   | Reached skill level 13 in Unarmed Combat
  9440 | Lair:2   | Reached skill level 3 in Armour
  9508 | Lair:2   | Found a staircase to the Snake Pit.
  9606 | Lair:2   | Received a gift from Nemelex Xobeh
  9759 | Lair:2   | Reached **** piety under Nemelex Xobeh
  9896 | Lair:2   | Reached skill level 9 in Shields
 10200 | Lair:3   | Reached XP level 12. HP: 122/122 MP: 13/13
 10336 | Lair:3   | Reached skill level 4 in Invocations
 10423 | Lair:3   | Received a gift from Nemelex Xobeh
 10797 | Lair:3   | Reached skill level 4 in Armour
 10891 | Lair:3   | Received a gift from Nemelex Xobeh
 10909 | Lair:3   | Found a staircase to the Swamp.
 11334 | Lair:4   | Noticed Kirke
 11338 | Lair:4   | Kirke changed into Kirke the alligator
 11338 | Lair:4   | Noticed Kirke
 11339 | Lair:4   | Killed Kirke the alligator
 11355 | Lair:4   | Found a runed translucent door.
 11356 | Lair:4   | Found a viscous altar of Jiyva.
 11356 | Lair:4   | Found a staircase to the Slime Pits.
 11356 | Lair:4   | Noticed an azure jelly
 11410 | Lair:4   | Received a gift from Nemelex Xobeh
 11528 | Lair:4   | Reached skill level 14 in Unarmed Combat
 11637 | Lair:4   | Reached ***** piety under Nemelex Xobeh
 12080 | Lair:4   | Reached skill level 5 in Invocations
 12351 | Lair:5   | Entered Level 5 of the Lair of Beasts
 12374 | Lair:5   | Reached skill level 9 in Fighting
 12378 | Lair:5   | Received a gift from Nemelex Xobeh
 12665 | Lair:5   | Received a gift from Nemelex Xobeh
 12771 | Lair:5   | Reached skill level 5 in Armour
 12936 | Lair:5   | Received a gift from Nemelex Xobeh
 13409 | D:11     | Reached XP level 13. HP: 124/131 MP: 16/16
 13465 | D:11     | Found an opulent altar of Gozag.
 13467 | D:11     | Received a gift from Nemelex Xobeh
 13564 | D:11     | Found a broken altar of Ashenzari.
 13578 | D:11     | Reached skill level 10 in Shields
 13710 | D:11     | Noticed Lodul
 13713 | D:11     | Lodul changed into Lodul the hound
 13713 | D:11     | Noticed Lodul
 13725 | D:11     | Killed Lodul the hound
 13738 | D:11     | Received a gift from Nemelex Xobeh
 13892 | D:11     | Found a frozen archway.
 14055 | D:12     | Found a staircase to the Orcish Mines.
 14056 | D:12     | Received a gift from Nemelex Xobeh
 14083 | D:12     | Found Ynliuxzo's General Store.
 14183 | D:12     | Found a runed translucent door.
 14185 | D:12     | Found a shimmering altar of Xom.
 14185 | D:12     | Noticed Pascal76's ghost (journeyman MiFi)
 14205 | D:12     | Reached ****** piety under Nemelex Xobeh
 14222 | D:12     | Found a portal to a secret trove of treasure.
 14272 | D:12     | Reached skill level 15 in Unarmed Combat
 14388 | D:12     | Quit the game

Illustrated notes

Levels and vault maps discovered:
D:1:      dpeg_arrival_short_road, layout_basic, minmay_split_cup_large
D:2:      layout_basic, hangedman_decor_opposing, uniq_jessica
D:3:      layout_rooms, minmay_misc_feat_iff, uniq_ijyb
D:4:      layout_loops_corners, grunt_decor_cap, uniq_grinder
D:5:      layout_basic
D:6:      layout_loops_corners, serial_shops, shop, serial_glass,
          glass_columns_c, glass_columns_a, corexii_leaking_fountain,
          uniq_jeremiah, uniq_maggie, uniq_edmund, uniq_pikel
D:7:      layout_cave_pods, nemelex_xobeh_ov_fountains_minmay,
          minmay_temple_entry_hall, nrook_loot_triangle,
          nicolae_concentric_dashed_squares_mild, hangedman_decor_peaks_small
D:8:      layout_gridville, st_stairs_13, kennysheep_potato
D:9:      layout_loops_cross, minitemple, serial_aquarium,
          aquarium_bridge_square [aquarium_subvault_window,
          aquarium_subvault_bridge, aquarium_subvault_bridge,
          aquarium_subvault_window], aquarium_window_corridor_3,
          aquarium_window_1, aquarium_view_2e, minmay_shop_grid_forest,
          nicolae_figureground_sparkle, uniq_amaemon
D:10:     layout_rooms, amethyst_overflow_temple_binary, erik_lair_dragon,
          minivault_21, lightli_fourway_metalbox
D:11:     layout_irregular_city, serial_column_ruins,
          column_ruins_columns_straight, column_ruins_open_tiny,
          column_ruins_corridor_straight, column_ruins_columns_straight,
          column_ruins_open_tiny, portal_ice_cave_demonic_guard,
          hangedman_feature_mirror, uniq_lodul
D:12:     layout_roguey, david_orc_2, serial_shops,
          nicolae_shop_window_shopping, ebering_ghost_xom,
          nicolae_trove_entry_crossroad, drop_trap, st_stairs_1,
          minmay_misc_feat_alley, uniq_erolcha
Lair:1:   layout_regular_city
Lair:2:   layout_small_grid, minmay_snake_entry_guardpost_small, st_stairs_8
Lair:3:   layout_regular_city, minmay_swamp_entry_worms, serial_bayou_shore_a,
          grunt_megastairs_1
Lair:4:   layout_cellular_growth, slime_entry_2, uniq_kirke
Lair:5:   cheibrodos_lair_end_hotspot, layout_gridlike

Skill      XL: |  1  2  3  4  5  6  7  8  9 10 11 12 13 |
---------------+----------------------------------------+-----
Shields        | 3 4 6 7 8 9 10 | 10.1
Unarmed Combat | 3 5 6 8 10 12 13 14 15 | 15.0
Fighting       | 3 4 5 6 7 8 9 |  9.4
Invocations    | 1 3 5 |  5.9
Armour         | 3 5 |  5.5
Dodging        | |  2.4

Action                     |  1- 3 |  4- 6 |  7- 9 | 10-12 | 13-15 || total
---------------------------+-------+-------+-------+-------+-------++-------
  Melee: Unarmed           |    74 |    92 |   285 |   584 |   123 ||  1158
 Invoke: Draw Summoning    |       |       |       |     4 |       ||     4
         Draw Destruction  |       |       |       |     4 |     3 ||     7
  Evoke: Wand              |       |       |       |     5 |       ||     5
         Phantom mirror    |       |       |       |     1 |       ||     1
    Use: Scroll            |       |     6 |     3 |     8 |       ||    17
         Potion            |       |       |     2 |     1 |       ||     3
   Stab: Distracted        |       |       |       |     2 |       ||     2
         Petrified         |       |       |       |     1 |       ||     1
 Armour: Robe              |    49 |    42 |    82 |       |       ||   173
         Steam dragon scal |       |       |    96 |   398 |    53 ||   547
  Dodge: Dodged            |    23 |    23 |    76 |   197 |    53 ||   372
  Block: Kite shield       |    31 |    38 |   108 |   275 |    69 ||   521

Table legend:
 A = Kills in this place as a percentage of kills in the entire game.
 B = Kills by you in this place as a percentage of kills by you in the entire game.
 C = Kills by friends in this place as a percentage of kills by friends in the entire game.
 D = Other kills in this place as a percentage of other kills in the entire game.
 E = Experience gained in this place as a percentage of experience gained in the entire game.
 F = Experience gained in this place divided by the number of levels of this place that you have seen.
                   A       B       C       D       E      F
               +-------+-------+-------+-------+-------+----------------------
         Total | 100.0 | 100.0 | 100.0 | 100.0 | 100.0 | 2757.1
       Dungeon |  71.0 |  71.5 |  50.0 |   0.0 |  50.3 | 1963.4
          Lair |  29.0 |  28.5 |  50.0 | 100.0 |  49.7 | 4661.8
               +-------+-------+-------+-------+-------+----------------------

Table legend: (Time is in decaauts)
 A = Elapsed time spent in this place.
 B = Non-inter-level travel time spent in this place.
 C = Inter-level travel time spent in this place.
 D = Time resting spent in this place.
 E = Time spent auto-exploring this place.
 F = Levels seen in this place.
 G = Mean time per level.
                   A        B        C        D        E       F      G
               +--------+--------+--------+--------+--------+-----+--------+
         Total |  14272 |  13608 |    664 |    366 |  10977 |  17 |  839.5 |
       Dungeon |   9379 |   8928 |    451 |     51 |   7307 |  12 |  781.6 |
          Lair |   4892 |   4680 |    212 |    315 |   3670 |   5 |  978.4 |
               +--------+--------+--------+--------+--------+-----+--------+

Top non-repeatable levels by time:
  Lair:4: 1103 daAuts
  Lair:1: 1101 daAuts
  Lair:3: 1080 daAuts
     D:6: 1025 daAuts
     D:7: 948 daAuts
     D:9: 945 daAuts
     D:8: 920 daAuts
    D:10: 872 daAuts
  Lair:2: 848 daAuts
     D:5: 820 daAuts
     D:4: 813 daAuts
  Lair:5: 758 daAuts
     D:1: 745 daAuts
    D:11: 738 daAuts
     D:2: 705 daAuts
